Map: Catalyst LE

Players

Griff - Winner!

  • Race: Terran Terran
  • League: Diamond
  • Spawn Location: 5:00

Reia

  • Race: Zerg Zerg
  • League: Diamond
  • Spawn Location: 11:00

VOD

Have the link to the VOD?

Description

Time

  • Played on: June 23, 2018, 7:03 p.m.
  • Length: 15:28
Show
View Real Time Build Order
Export as new Build Order

Griff Terran - Winner!

Build Orders: Reaper Expand, Bio Tank 

Get SALT Encoding   

  12  0:01  SCV  
  13  0:13  SCV  
  14  0:17  Supply Depot  
  14  0:25  SCV  
  15  0:39  SCV  
  15  0:41  Barracks  
  16  0:46  Refinery  
  16  0:51  SCV  
  17  1:03  SCV  
  18  1:15  SCV  
  19  1:30  Orbital Command, Reaper  
  20  1:46  Command Center  
  20  1:57  SCV  
  21  2:06  Factory  
  21  2:11  SCV  
  22  2:17  Refinery  
  22  2:18  Supply Depot  
  22  2:23  Barracks Reactor  
  22  2:29  SCV  
  23  2:46  SCV  
  23  2:58  Orbital Command, SCV  
  24  3:01  Marine x2  
  24  3:02  Factory Tech Lab  
  24  3:05  Starport  
  26  3:10  SCV  
  27  3:20  Marine  
  27  3:21  Marine  
  27  3:22  SCV  
  27  3:23  Barracks  
  27  3:26  SCV  
  31  3:32  Siege Tank  
  34  3:43  Medivac  
  34  3:45  Engineering Bay  
  34  3:46  SCV  
  34  3:47  SCV  
  38  3:56  Bunker  
  38  3:59  Marine x2  
  40  4:06  SCV  
  40  4:07  SCV  
  42  4:10  Siege Tank  
  42  4:12  Barracks Tech Lab  
  45  4:18  SCV  
  46  4:28  Refinery  
  46  4:37  Supply Depot  
  46  4:40  SCV x2  
  46  4:45  Starport Reactor  
  48  4:47  Stimpack  
  48  4:49  Supply Depot  
  48  4:52  SCV x2  
  50  5:00  Supply Depot  
  50  5:04  SCV x2  
  50  5:05  Marine  
  50  5:06  Refinery, Marine x2  
  55  5:11  Supply Depot, Barracks  
  55  5:13  Siege Tank  
  58  5:23  Supply Depot, SCV x2  
  58  5:27  Terran Infantry Weapons Level 1  
  60  5:31  Marine  
  60  5:32  Marine  
  62  5:35  SCV  
  62  5:36  SCV  
  64  5:43  Medivac, Marine  
  64  5:48  SCV x2  
  69  5:58  Supply Depot  
  69  6:00  Barracks Reactor  
  69  6:01  Marine x3  
  69  6:03  Siege Tank  
  75  6:05  Medivac  
  75  6:08  SCV  
  75  6:09  SCV  
  79  6:19  Marine x3  
  79  6:23  Barracks  
  79  6:25  Medivac  
  84  6:36  Marine  
  85  6:43  Marine x2  
  85  6:44  Marine x2  
  88  6:48  Command Center, Combat Shields  
  88  6:54  Marine  
  88  6:57  Siege Tank, Medivac  
  88  6:58  Medivac  
  97  7:01  Marine x3, SCV x2  
  97  7:02  Marine  
  102  7:12  Barracks Reactor  
  102  7:18  Supply Depot x2  
  102  7:22  Terran Infantry Armor Level 1  
  102  7:23  Supply Depot  
  102  7:26  Marine x5, SCV x2  
  109  7:38  SCV  
  109  7:39  SCV  
  109  7:44  Marine x5  
  111  7:48  Marine  
  111  7:49  Marine  
  118  7:53  Supply Depot  
  118  8:00  Orbital Command  
  118  8:01  Marine  
  118  8:02  Marine x4  
  123  8:06  Marine x2, SCV x2  
  123  8:09  Supply Depot  
  127  8:18  SCV x2  
  127  8:19  Marine  
  129  8:29  Marine x4  
  129  8:30  Marine x2, SCV  
  129  8:31  SCV  
  116  8:37  Marine  
  113  8:43  SCV x2  
  113  8:47  Marine x5  
  120  8:53  Marine  
  120  8:55  Marine  
  121  9:04  Marine  
  121  9:05  Marine x4  
  125  9:11  Marine  
  125  9:13  Marine  
  125  9:16  Siege Tank, Medivac x2  
  124  9:22  Marine x2  
  124  9:23  Marine x3  
  124  9:29  Marine  
  124  9:31  Marine  
  123  9:40  Marine x3  
  123  9:41  Marine x2  
  128  9:46  Marine  
  128  9:48  Siege Tank, Marine  
  128  9:51  Supply Depot  
  128  9:52  Supply Depot x2  
  133  9:53  Supply Depot  
  133  9:55  Armory  
  133  9:58  Marine x4  
  133  9:59  Marine  
  126  10:04  Marine  
  126  10:06  Marine  
  98  10:16  Marine x5  
  103  10:23  Marauder  
  103  10:24  SCV  
  103  10:25  SCV x2  
  103  10:27  Barracks  
  108  10:31  Barracks  
  107  10:37  SCV x2  
  107  10:39  Marine  
  107  10:40  Marine x5  
  112  10:44  Concussive Shells, Marauder  
  112  10:46  Medivac x2  
  112  10:48  Siege Tank  
  121  10:50  Terran Infantry Weapons Level 2  
  121  10:52  Engineering Bay  
  121  10:54  Terran Vehicle Weapons Level 1  
  121  10:57  Marine x3  
  121  10:58  Marine x3  
  127  11:05  Marauder  
  129  11:15  Marine x6  
  129  11:18  Barracks Tech Lab  
  135  11:26  Marine, SCV  
  135  11:27  SCV x2  
  139  11:33  Barracks Reactor, Marine x6  
  139  11:34  Siege Tank  
  139  11:38  SCV  
  139  11:39  Marine, SCV x2  
  151  11:44  Marine  
  153  11:51  Marine x6  
  159  11:57  Marine  
  154  12:02  Marine  
  147  12:08  Marine  
  147  12:09  Marine x5  
  147  12:15  Marine  
  141  12:16  Marine x2  
  141  12:18  Siege Tank  
  141  12:20  Marine  
  148  12:26  Marine  
  148  12:27  Marine  
  148  12:29  Marine x4  
  154  12:33  Marine  
  154  12:34  Marine x2  
  148  12:37  Marine  
  149  12:44  Marine x2  
  149  12:46  Terran Infantry Armor Level 2  
  149  12:47  Marine x4  
  149  12:51  Marine  
  156  12:52  Marine x2  
  156  12:55  Marine  
  159  13:02  Marine x2  
  159  13:04  Marine  
  165  13:05  Siege Tank  
  165  13:06  Marine x3  
  165  13:08  Marine  
  165  13:10  Marine x2  
  171  13:13  Marine  
  172  13:20  Marine x2  
  172  13:22  Marine  
  172  13:24  Marine x3  
  172  13:26  Marine  
  173  13:37  Siege Tank  
  176  13:44  Marine x10  
  176  13:47  Medivac x2  
  189  14:02  Marine x10  
  196  14:19  Marine  
  196  14:20  Marine x8  
  190  14:31  Marine  
  190  14:33  Siege Tank  
  190  14:37  Marine x3  
  190  14:38  Marine x3  
  200  15:02  Marine x6  
  200  15:03  Marine x4  
  188  15:14  SCV x3  
  200  15:27  Command Center  
Show
View Real Time Build Order
Export as new Build Order

Reia Zerg 

Build Orders: Hatch First 

Get SALT Encoding   

  12  0:01  Drone  
  13  0:13  Overlord  
  13  0:22  Drone  
  14  0:31  Drone x2  
  16  0:37  Drone  
  17  0:55  Hatchery  
  17  0:56  Drone  
  17  1:00  Drone  
  18  1:10  Extractor  
  17  1:16  Spawning Pool  
  17  1:18  Drone  
  17  1:22  Drone  
  18  1:29  Drone  
  19  1:40  Overlord  
  19  1:51  Drone  
  20  2:03  Queen, Zergling x2  
  20  2:08  Queen  
  25  2:09  Zergling x2  
  25  2:11  Metabolic Boost  
  25  2:13  Drone  
  27  2:18  Drone  
  28  2:23  Drone  
  29  2:38  Extractor  
  29  2:52  Hatchery  
  29  2:54  Drone  
  29  2:55  Drone x5  
  34  3:05  Overlord  
  34  3:06  Pneumatized Carapace  
  34  3:10  Drone  
  35  3:19  Drone  
  36  3:21  Overlord x2  
  36  3:25  Drone x2  
  38  3:27  Drone  
  38  3:28  Drone  
  38  3:30  Drone  
  41  3:38  Queen  
  41  3:39  Drone  
  41  3:41  Drone  
  45  4:09  Drone x8  
  53  4:10  Queen  
  53  4:15  Lair  
  55  4:23  Extractor  
  54  4:25  Evolution Chamber  
  54  4:27  Baneling Nest  
  54  4:28  Evolution Chamber  
  54  4:30  Queen  
  53  4:37  Drone x4  
  57  4:39  Drone x3  
  60  4:45  Queen  
  62  5:03  Drone  
  62  5:06  Drone x3, Extractor  
  65  5:07  Drone x2, Extractor  
  65  5:09  Overlord x5  
  66  5:19  Centrifical Hooks  
  66  5:21  Zerg Melee Weapons Level 1  
  66  5:24  Overlord x2  
  66  5:25  Overlord x2  
  66  5:26  Queen  
  68  5:31  Drone  
  68  5:32  Drone x2  
  68  5:33  Drone x2  
  74  5:35  Drone x2  
  74  5:36  Drone  
  74  5:38  Drone x2, Extractor x2  
  76  5:59  Drone x2  
  76  6:00  Drone x4  
  82  6:07  Drone  
  82  6:08  Hatchery  
  82  6:10  Zerg Ground Armor Level 1  
  82  6:12  Zergling x14  
  89  6:20  Drone  
  89  6:22  Drone  
  91  6:26  Zergling x2  
  91  6:29  Overlord x2  
  92  6:35  Extractor  
  92  6:37  Hatchery  
  90  6:45  Drone x2  
  90  6:46  Drone  
  93  6:47  Drone  
  93  6:48  Drone x6  
  100  6:54  Zergling x2  
  100  7:00  Hydralisk Den  
  100  7:04  Drone  
  101  7:29  Hydralisk x10  
  119  7:31  Muscular Augments  
  119  7:37  Zergling x8  
  125  7:50  Zergling x18  
  134  7:54  Hydralisk x2  
  138  8:00  Hydralisk x2  
  138  8:01  Hydralisk  
  138  8:05  Hydralisk x3  
  144  8:07  Overlord x3  
  144  8:08  Overlord x3  
  132  8:28  Hydralisk  
  132  8:29  Hydralisk x8  
  111  8:41  Hydralisk  
  111  8:42  Hydralisk x11  
  111  8:43  Grooved Spines  
  135  8:56  Hydralisk x5  
  145  9:04  Roach Warren  
  145  9:07  Infestation Pit  
  142  9:11  Hydralisk  
  142  9:12  Hydralisk x5  
  126  9:17  Zergling x2  
  126  9:18  Zergling x4  
  113  9:28  Hydralisk x2  
  113  9:29  Hydralisk x4  
  125  9:42  Baneling x2  
  125  9:43  Baneling x4  
  125  9:44  Hydralisk  
  125  9:45  Hydralisk  
  129  9:51  Hydralisk x3  
  114  10:08  Hydralisk x4  
  114  10:28  Extractor x2  
  113  10:30  Hatchery  
  107  11:11  Hatchery  
  107  11:14  Extractor  
  107  11:15  Hatchery  
  104  11:21  Hydralisk  
  104  11:22  Hydralisk x8  
  122  11:27  Drone x2  
  124  11:38  Drone x3  
  124  11:39  Drone x2  
  130  11:40  Drone  
  130  11:44  Drone x2  
  120  12:02  Hydralisk x6  
  120  12:06  Zergling x2  
  120  12:07  Zergling x4  
  98  12:20  Zerg Ground Armor Level 2  
  98  12:21  Zerg Missile Weapons Level 1  
  94  12:26  Hydralisk x3  
  94  12:27  Hydralisk  
  101  12:50  Spawning Pool  
  100  12:54  Drone x2  
  100  12:55  Drone x6  
  108  13:03  Drone  
  108  13:04  Drone x6  
  115  13:19  Hydralisk x12  
  100  13:41  Hydralisk x2  
  100  13:42  Hydralisk x4, Zergling x4  
  100  13:43  Hydralisk x2, Zergling x6  
  100  13:44  Zergling x2  
  118  13:54  Zergling x2  
  118  13:55  Zergling x16  
  126  14:02  Extractor  
  125  14:06  Queen  
  125  14:08  Baneling  
  125  14:09  Baneling x11  
  112  14:20  Zergling x8  
  112  14:21  Zergling x20  
  87  14:28  Hydralisk x4  
  87  14:29  Hydralisk  
  92  14:38  Zergling x2  
  92  14:39  Zergling x12  
  92  14:41  Baneling x10  
  92  14:42  Baneling x2  
  92  14:43  Baneling x2  
  92  14:44  Baneling x2  
  95  14:52  Baneling x6  
  91  14:53  Baneling x2  
Tags
 
Add a new tag
Caveats
  • Supply blocks, unpowered buildings, or Contaminate may cause inaccurate times.
  • Supply counts are checked every 10 seconds.